| TOP OF THE 1ST |
|
Port Lavaca Indians batting - Pitching for Fort Myers Miracles : RHP David Valerio
|
|
Pitching: RHP David Valerio
|
|
|
Batting: LHB William Tirado
|
0-0: Ball 1-0: Foul Ball, location: 2F 1-1: Swinging Strike 1-2: Strikes out swinging
|
|
Batting: RHB Richard Johnson
|
0-0: Ball 1-0: Ball 2-0: Foul Ball, location: 2F 2-1: Ground out 5-3 (Groundball, 56S, EV 91.9 MPH)
|
|
Batting: LHB Wally Joyner
|
0-0: Ball 1-0: SOLO HOME RUN (Flyball, 89XD, EV 109.4 MPH), Distance : 410 ft
|
|
Batting: SHB John Rigos
|
0-0: Ground out 4-3 (Groundball, 4M, EV 108.1 MPH)
|
| Top of the 1st over - 1 run, 1 hit, 0 errors, 0 left on base; Port Lavaca 1 - Fort Myers 0 |
| BOTTOM OF THE 1ST |
|
Fort Myers Miracles batting - Pitching for Port Lavaca Indians : LHP Lester Strode
|
|
Pitching: LHP Lester Strode
|
|
|
Batting: SHB Ronnie Chapman
|
0-0: Foul Ball, location: 2F 0-1: Called Strike 0-2: Ball 1-2: Foul Ball, location: 2F 1-2: Foul Ball, location: 2F 1-2: Foul Ball, location: 2F 1-2: Strikes out looking
|
|
Batting: RHB T.J. Stout
|
0-0: Called Strike 0-1: Ball 1-1: Foul Ball, location: 2F 1-2: Fly out, F8 (Line Drive, 8RD, EV 90.0 MPH)
|
|
Batting: RHB Bobby Hinson
|
0-0: Foul Ball, location: 2F 0-1: Ball 1-1: Called Strike 1-2: Fly out, F4 (Popup, 34S, EV 72.5 MPH)
|
| Bottom of the 1st over - 0 runs, 0 hits, 0 errors, 0 left on base; Port Lavaca 1 - Fort Myers 0 |
| TOP OF THE 2ND |
|
Port Lavaca Indians batting - Pitching for Fort Myers Miracles : RHP David Valerio
|
|
Batting: RHB Robbie Wine
|
0-0: Foul Ball, location: 2F 0-1: Swinging Strike 0-2: Ball 1-2: Foul Ball, location: 2F 1-2: Strikes out swinging
|
|
Batting: SHB Ruben Sierra
|
0-0: Fly out, F9 (Flyball, 89XD, EV 90.0 MPH)
|
|
Batting: LHB Raul Dominguez
|
0-0: Called Strike 0-1: Ball 1-1: Fly out, F8 (Flyball, 78M, EV 93.8 MPH)
|
| Top of the 2nd over - 0 runs, 0 hits, 0 errors, 0 left on base; Port Lavaca 1 - Fort Myers 0 |
| BOTTOM OF THE 2ND |
|
Fort Myers Miracles batting - Pitching for Port Lavaca Indians : LHP Lester Strode
|
|
Batting: RHB Galtero Gioacchini
|
0-0: Called Strike 0-1: Ball 1-1: Ground out 4-3 (Groundball, 4, EV 80.6 MPH)
|
|
Batting: RHB Michael Saccocio
|
0-0: Ball 1-0: Ball 2-0: Foul Ball, location: 2F 2-1: Fly out, F8 (Flyball, 8RXD, EV 106.9 MPH)
|
|
Batting: LHB Rodney Hodde
|
0-0: Called Strike 0-1: Called Strike 0-2: Strikes out looking
|
| Bottom of the 2nd over - 0 runs, 0 hits, 0 errors, 0 left on base; Port Lavaca 1 - Fort Myers 0 |
| TOP OF THE 3RD |
|
Port Lavaca Indians batting - Pitching for Fort Myers Miracles : RHP David Valerio
|
|
Batting: RHB Robert Mills
|
0-0: Foul Ball, location: 2F 0-1: Foul Ball, location: 2F 0-2: Ground out 5-3 (Groundball, 5, EV 88.1 MPH)
|
|
Batting: RHB Jeffrey Rhodes
|
0-0: Fly out, F4 (Flyball, 4D, EV 84.4 MPH)
|
|
Batting: LHB William Tirado
|
0-0: Called Strike 0-1: Swinging Strike 0-2: Strikes out swinging
|
| Top of the 3rd over - 0 runs, 0 hits, 0 errors, 0 left on base; Port Lavaca 1 - Fort Myers 0 |
| BOTTOM OF THE 3RD |
|
Fort Myers Miracles batting - Pitching for Port Lavaca Indians : LHP Lester Strode
|
|
Batting: LHB Stacey Pettis
|
0-0: Ball 1-0: Fly out, F7 (Flyball, 7, EV 83.1 MPH)
|
|
Batting: LHB Abraham Becerra
|
0-0: Foul Ball, location: 2F 0-1: Ball 1-1: SINGLE (Line Drive, 78M, EV 88.8 MPH)
|
|
Batting: RHB Rico Escobar
|
0-0: Ball 1-0: Called Strike 1-1: Ball 2-1: Grounds into double play, 6-4-3 (Groundball, 56, EV 93.1 MPH)
|
| Bottom of the 3rd over - 0 runs, 1 hit, 0 errors, 0 left on base; Port Lavaca 1 - Fort Myers 0 |
| TOP OF THE 4TH |
|
Port Lavaca Indians batting - Pitching for Fort Myers Miracles : RHP David Valerio
|
|
Batting: RHB Richard Johnson
|
0-0: Foul Ball, location: 2F 0-1: Ball 1-1: Ball 2-1: Fly out, F4 (Line Drive, 4, EV 74.4 MPH)
|
|
Batting: LHB Wally Joyner
|
0-0: Foul Ball, location: 2F 0-1: Ball 1-1: Ball 2-1: Foul Ball, location: 2F 2-2: Foul Ball, location: 2F 2-2: Foul Ball, location: 2F 2-2: Strikes out swinging
|
|
Batting: SHB John Rigos
|
0-0: Ball 1-0: Foul Ball, location: 2F 1-1: Ball 2-1: Foul Ball, location: 2F 2-2: Strikes out swinging passed ball, reaches first!
|
|
Batting: RHB Robbie Wine
|
0-0: Ball 1-0: Foul Ball, location: 2F 1-1: Fly out, F8 (Line Drive, 8RM, EV 95.0 MPH)
|
| Top of the 4th over - 0 runs, 0 hits, 0 errors, 1 left on base; Port Lavaca 1 - Fort Myers 0 |
| BOTTOM OF THE 4TH |
|
Fort Myers Miracles batting - Pitching for Port Lavaca Indians : LHP Lester Strode
|
|
Batting: SHB Ronnie Chapman
|
0-0: Ball 1-0: Ball 2-0: Ball 3-0: Base on Balls
|
|
Batting: RHB T.J. Stout
|
0-0: Ball 1-0: Ball 2-0: Called Strike 2-1: Called Strike 2-2: Ball 3-2: SINGLE (Line Drive, 8LS, EV 112.5 MPH) Ronnie Chapman to second Runner from 2nd tries for 3rd, SAFE, throw by CF made to third
|
|
Batting: RHB Bobby Hinson
|
0-0: Ball 1-0: Ball 2-0: Called Strike 2-1: Foul Ball, location: 2F 2-2: Foul Ball, location: 2F 2-2: Ball 3-2: Foul Ball, location: 2F 3-2: Base on Balls T.J. Stout to second
|
|
Batting: RHB Galtero Gioacchini
|
0-0: Ball 1-0: Called Strike 1-1: Ball 2-1: SINGLE (Groundball, 34, EV 111.9 MPH) Ronnie Chapman scores T.J. Stout to third Bobby Hinson to second Runner from 3rd tries for Home, SAFE, throw by RF to home
|
|
Batting: RHB Michael Saccocio
|
0-0: DOUBLE (Flyball, 5D, EV 92.5 MPH) Bobby Hinson scores Galtero Gioacchini to third
|
|
Batting: LHB Rodney Hodde
|
0-0: Called Strike 0-1: Foul Ball, location: 2F 0-2: Strikes out swinging
|
|
Batting: LHB Stacey Pettis
|
0-0: Ball 1-0: Fly out, F8 (Flyball, 8LS, EV 94.4 MPH)
|
|
Batting: LHB Abraham Becerra
|
0-0: Called Strike 0-1: Ball 1-1: Foul Ball, location: 2F 1-2: Ball 2-2: Foul Ball, location: 2F 2-2: Strikes out swinging
|
| Bottom of the 4th over - 3 runs, 3 hits, 0 errors, 2 left on base; Port Lavaca 1 - Fort Myers 3 |
| TOP OF THE 5TH |
|
Port Lavaca Indians batting - Pitching for Fort Myers Miracles : RHP David Valerio
|
|
Batting: SHB Ruben Sierra
|
0-0: Ball 1-0: Ball 2-0: Bunt for hit to 15S - play at first, batter OUT! 1-3
|
|
Batting: LHB Raul Dominguez
|
0-0: Ball 1-0: Ball 2-0: Foul Ball, location: 2F 2-1: Swinging Strike 2-2: Strikes out looking
|
|
Batting: RHB Robert Mills
|
0-0: Foul Ball, location: 2F 0-1: Fly out, F7 (Flyball, 78D, EV 100.0 MPH)
|
| Top of the 5th over - 0 runs, 0 hits, 0 errors, 0 left on base; Port Lavaca 1 - Fort Myers 3 |
| BOTTOM OF THE 5TH |
|
Fort Myers Miracles batting - Pitching for Port Lavaca Indians : LHP Lester Strode
|
|
Batting: RHB Rico Escobar
|
0-0: Ball 1-0: Called Strike 1-1: Ball 2-1: Ball 3-1: Reached on error, E5 (Groundball, 56, EV 98.8 MPH)
|
|
Batting: SHB Ronnie Chapman
|
0-0: Ball 1-0: Foul Ball, location: 2F 1-1: Fly out, F6 (Line Drive, 6, EV 73.1 MPH)
|
|
Batting: RHB T.J. Stout
|
0-0: Called Strike 0-1: Ball 1-1: Swinging Strike 1-2: Ball 2-2: Ball 3-2: Base on Balls Rico Escobar to second
|
|
Batting: RHB Bobby Hinson
|
0-0: Called Strike 0-1: Ball 1-1: Ball 2-1: Ball 3-1: Base on Balls Rico Escobar to third T.J. Stout to second
|
|
Batting: RHB Galtero Gioacchini
|
0-0: Foul Ball, location: 2F 0-1: SINGLE (Groundball, 6, EV 101.9 MPH) Rico Escobar scores T.J. Stout to third Bobby Hinson to second Runner from 3rd tries for Home, SAFE, throw by CF to home
|
|
Batting: RHB Michael Saccocio
|
0-0: Called Strike 0-1: Fly out, F9 (Flyball, 89XD, EV 104.4 MPH) Runner from 2nd tags up, SAFE at 3rd, no throw by RF
|
|
Batting: LHB Rodney Hodde
|
0-0: Ball 1-0: Foul Ball, location: 2F 1-1: Ball 2-1: Ball 3-1: Base on Balls Galtero Gioacchini to second
|
|
Batting: LHB Stacey Pettis
|
0-0: Fielders Choice at 2nd, 6-4 (Groundball, 6, EV 85.0 MPH)
|
| Bottom of the 5th over - 2 runs, 1 hit, 1 error, 3 left on base; Port Lavaca 1 - Fort Myers 5 |
| TOP OF THE 6TH |
|
Port Lavaca Indians batting - Pitching for Fort Myers Miracles : RHP David Valerio
|
|
Batting: RHB Jeffrey Rhodes
|
0-0: Ball 1-0: Ball 2-0: Called Strike 2-1: Foul Ball, location: 2F 2-2: Strikes out looking
|
|
Batting: LHB William Tirado
|
0-0: Ball 1-0: Foul Ball, location: 2F 1-1: Fly out, F9 (Line Drive, 9D, EV 88.1 MPH)
|
|
Batting: RHB Richard Johnson
|
0-0: Ball 1-0: Foul Ball, location: 2F 1-1: Swinging Strike 1-2: Strikes out swinging
|
| Top of the 6th over - 0 runs, 0 hits, 0 errors, 0 left on base; Port Lavaca 1 - Fort Myers 5 |
| BOTTOM OF THE 6TH |
|
Fort Myers Miracles batting - Pitching for Port Lavaca Indians : LHP Lester Strode
|
|
Batting: LHB Abraham Becerra
|
0-0: Foul Ball, location: 2F 0-1: Ground out U3 (Groundball, 34, EV 93.1 MPH)
|
|
Batting: RHB Rico Escobar
|
0-0: Ball 1-0: Foul Ball, location: 2F 1-1: Ball 2-1: Ball 3-1: Foul Ball, location: 2F 3-2: Strikes out looking
|
|
Batting: SHB Ronnie Chapman
|
0-0: Ball 1-0: Ball 2-0: Ball 3-0: Base on Balls
|
|
Pitching: RHP Mark Leonette
|
|
|
Batting: RHB T.J. Stout
|
0-0: Ball 1-0: Called Strike Ronnie Chapman steals 2nd base 1-1: Foul Ball, location: 2F 1-2: Foul Ball, location: 2F 1-2: Ball 2-2: Ball 3-2: Fly out, F9 (Flyball, 9LM, EV 88.8 MPH)
|
| Bottom of the 6th over - 0 runs, 0 hits, 0 errors, 1 left on base; Port Lavaca 1 - Fort Myers 5 |
| TOP OF THE 7TH |
|
Port Lavaca Indians batting - Pitching for Fort Myers Miracles : RHP David Valerio
|
|
Batting: LHB Wally Joyner
|
0-0: Called Strike 0-1: Swinging Strike 0-2: Ball 1-2: Ball 2-2: Ball 3-2: Ground out 3-1 (Groundball, 23, EV 77.5 MPH)
|
|
Batting: SHB John Rigos
|
0-0: Called Strike 0-1: Called Strike 0-2: Ground out 4-3 (Groundball, 4, EV 86.9 MPH)
|
|
Batting: RHB Robbie Wine
|
0-0: Ball 1-0: Foul Ball, location: 2F 1-1: Swinging Strike 1-2: Strikes out looking
|
| Top of the 7th over - 0 runs, 0 hits, 0 errors, 0 left on base; Port Lavaca 1 - Fort Myers 5 |
| BOTTOM OF THE 7TH |
|
Fort Myers Miracles batting - Pitching for Port Lavaca Indians : RHP Mark Leonette
|
|
Batting: RHB Bobby Hinson
|
0-0: Fly out, F8 (Flyball, 8LD, EV 98.1 MPH)
|
|
Batting: RHB Galtero Gioacchini
|
0-0: Ball 1-0: Ball 2-0: Ground out 5-3 (Groundball, 56S, EV 72.5 MPH)
|
|
Batting: RHB Michael Saccocio
|
0-0: Ball 1-0: Foul Ball, location: 2F 1-1: Ball 2-1: Ground out U3 (Groundball, 3L, EV 80.0 MPH)
|
| Bottom of the 7th over - 0 runs, 0 hits, 0 errors, 0 left on base; Port Lavaca 1 - Fort Myers 5 |
| TOP OF THE 8TH |
|
Port Lavaca Indians batting - Pitching for Fort Myers Miracles : RHP David Valerio
|
|
Batting: SHB Ruben Sierra
|
0-0: Ball 1-0: Foul Ball, location: 2F 1-1: SINGLE (Line Drive, 34D, EV 97.5 MPH)
|
|
Batting: LHB Raul Dominguez
|
0-0: Ball 1-0: Ball 2-0: Ball 3-0: Called Strike 3-1: Foul Ball, location: 2F 3-2: Fly out, F9 (Flyball, 89M, EV 85.0 MPH)
|
|
Batting: RHB Robert Mills
|
0-0: Reached on error, E1 (Groundball, 13S, EV 69.4 MPH) Ruben Sierra to second
|
|
Batting: RHB Jeffrey Rhodes
|
0-0: Foul Ball, location: 2F 0-1: Foul Ball, location: 2F 0-2: Strikes out looking
|
|
Batting: LHB William Tirado
|
0-0: Ball 1-0: Swinging Strike 1-1: Ball 2-1: Ground out U3 (Groundball, 34S, EV 64.4 MPH)
|
| Top of the 8th over - 0 runs, 1 hit, 1 error, 2 left on base; Port Lavaca 1 - Fort Myers 5 |
| BOTTOM OF THE 8TH |
|
Fort Myers Miracles batting - Pitching for Port Lavaca Indians : RHP Mark Leonette
|
|
Batting: LHB Rodney Hodde
|
0-0: Swinging Strike 0-1: Swinging Strike 0-2: Strikes out swinging
|
|
Batting: LHB Stacey Pettis
|
0-0: Ground out 6-3 (Groundball, 6, EV 103.8 MPH)
|
|
Batting: LHB Abraham Becerra
|
0-0: Ground out 4-3 (Groundball, 4, EV 87.5 MPH)
|
| Bottom of the 8th over - 0 runs, 0 hits, 0 errors, 0 left on base; Port Lavaca 1 - Fort Myers 5 |
| TOP OF THE 9TH |
|
Port Lavaca Indians batting - Pitching for Fort Myers Miracles : RHP David Valerio
|
|
Batting: RHB Richard Johnson
|
0-0: Swinging Strike 0-1: Ball 1-1: Swinging Strike 1-2: Strikes out swinging
|
|
Batting: LHB Wally Joyner
|
0-0: Called Strike 0-1: Ball 1-1: Called Strike 1-2: Ball 2-2: Foul Ball, location: 2F 2-2: Ground out 6-3 (Groundball, 6, EV 99.4 MPH)
|
|
Batting: SHB John Rigos
|
0-0: Swinging Strike 0-1: Ground out U3 (Groundball, 3, EV 87.5 MPH)
|
| Top of the 9th over - 0 runs, 0 hits, 0 errors, 0 left on base; Port Lavaca 1 - Fort Myers 5 |
|